 Dungeon Crawl Stone Soup version 0.18-a0-1323-g706dcef (webtiles) character file.

124 GrosslyIncandescent the Insei (level 4, -1/35 HPs)
             Began as a Mummy Monk on Feb 15, 2016.
             Slain by an orc
             ... wielding a +0 mace
              (6 damage)
             ... on level 2 of the Dungeon.
             The game lasted 00:02:04 (2967 turns).

GrosslyIncandescent the Insei (Mummy Monk)          Turns: 2967, Time: 00:02:04

Health: -1/35      AC:  1    Str: 14    XL:     4   Next: 81%
Magic:  4/4        EV: 16    Int:  9    God:
Gold:   121        SH:  0    Dex: 15    Spells: 0 memorised, 3 levels left

rFire  x . .     SeeInvis .       - Unarmed
rCold  + . .     Gourm    .     (no armour)
rNeg   + + +     Faith    .     (no shield)
rPois  ∞         Spirit   .     (no helmet)
rElec  .         Dismiss  .     (no cloak)
rCorr  .         Reflect  .     (no gloves)
SustAt .         Harm     .     d - +0 pair of boots
MR     .....                    (no amulet)
Stlth  ++........               (no ring)
                                g - +3 ring of evasion

@: not resistant to hostile enchantments, unstealthy
A: no food or potions, fire vulnerability, cold resistance 1, negative energy
resistance 3, torment resistance, unbreathing
a: no special abilities


You were on level 2 of the Dungeon.
You were not hungry.

You visited 1 branch of the dungeon, and saw 3 of its levels.

You collected 121 gold pieces.


Innate Abilities, Weirdness & Mutations

You do not eat or drink.
Your flesh is vulnerable to fire.
You are immune to poison.
Your flesh is cold resistant.
You are immune to negative energy.
You are immune to unholy pain and torment.
You can survive without breathing.


   Skills:
 - Level 3.0 Fighting
 - Level 2.4 Dodging
 - Level 1.5 Stealth
 + Level 5.1 Unarmed Combat


You had 3 spell levels left.
You didn't know any spells.

Inventory:

Armour
 d - a +0 pair of boots (worn)
Jewellery
 g - a +3 ring of evasion (left hand)
 h - an uncursed amulet of rage {unknown}
Scrolls
 a - 5 scrolls of teleportation {unknown}
 b - a scroll of fog {unknown}
 c - a scroll of amnesia {unknown}
 e - a scroll of identify {unknown}
 f - 2 scrolls of fear {unknown}

Dungeon Overview and Level Annotations

Branches:
Dungeon (3/15)

Altars:

Annotations:
D:3 Sigmund

▒▒.▒▒▒▒▒.)........▒▒▒▒▒.▒▒▒......
..............▒▒'▒▒ ▒............
...▒▒▒▒▒▒▒▒▒▒.▒▒.▒▒▒▒.▒.▒▒▒..▒▒..
▒▒.▒▒ ▒....)............▒..▒▒..
▒...▒ ▒.▒▒▒▒.▒.▒▒▒▒.▒.▒.▒..▒...
▒...▒ ▒.▒ ▒.▒.▒ ▒.▒.▒.▒..▒...
▒...▒ ▒[▒ ▒.▒.▒ ▒.▒.▒.▒..▒▒▒▒
▒...▒▒▒▒▒.▒▒▒▒.▒)▒ ▒.▒.▒........
.....(.(.......o@▒ ▒.▒.▒▒▒▒.▒▒.▒
▒▒.▒▒▒▒▒▒.▒▒▒▒..r▒ ▒.▒.▒▒.......
▒.▒▒▒▒▒▒.▒ ▒▒..▒ ▒.▒.▒.......▒
▒......▒.▒▒▒▒▒..▒ ▒.▒.▒..▒▒.▒▒▒
▒▒▒▒▒▒.▒........▒▒▒▒.▒.▒..▒▒.▒▒▒
▒...............▒.▒..▒▒.▒(.
▒▒▒▒▒▒▒▒▒...............▒..▒▒.▒▒▒
..!.....▒▒▒.▒▒.▒..▒▒▒▒▒.▒..▒▒....
▒▒▒▒▒▒▒.▒ ▒.▒▒.▒..▒▒▒▒..▒..▒▒▒▒▒▒


You could see an orc and a rat.


Message History

The orc priest miscasts a cantrip.
You hit the orc priest.
The orc priest is severely wounded.
The rat barely misses you. The orc misses you.
The orc priest closely misses you.
You closely miss the orc priest.
The orc priest is severely wounded.
The rat bites you.
* * * LOW HITPOINT WARNING * * *
The orc barely misses you. The orc priest hits you with a club.
* * * LOW HITPOINT WARNING * * *
You hit the orc priest but do no damage.
The orc priest is severely wounded.
The rat misses you.
You hit the orc priest.
The orc priest is almost dead.
The orc priest hits you with a club.
* * * LOW HITPOINT WARNING * * *
The orc barely misses you. The rat barely misses you.
You barely miss the orc priest.
The orc priest is almost dead.
The orc priest closely misses you. The orc closely misses you.
The rat misses you.
You punch the orc priest!
You kill the orc priest!
Your Unarmed Combat skill increases to level 5!
The rat bites you.
* * * LOW HITPOINT WARNING * * *
The orc hits you with a mace.
You die...

Action                   |  1- 3 |  4- 6 || total
-------------------------+-------+-------++-------
Melee: Unarmed           |   150 |    68 ||   218
 Stab: Sleeping          |     7 |     2 ||     9

Vault maps used:
D:1:      evilmike_arrival_run_for_it, minmay_unequal
D:3:      first_bread, uniq_sigmund

Notes
Turn   | Place    | Note
--------------------------------------------------------------
     0 | D:1      | GrosslyIncandescent the Mummy Monk began the quest for the Orb.
     0 | D:1      | Reached XP level 1. HP: 18/18 MP: 1/1
   386 | D:1      | Reached XP level 2. HP: 24/24 MP: 2/2
   866 | D:1      | Reached skill level 4 in Unarmed Combat
  1269 | D:2      | Reached XP level 3. HP: 18/29 MP: 3/3
  2154 | D:2      | Reached XP level 4. HP: 27/35 MP: 4/4
  2794 | D:3      | Noticed Sigmund
  2967 | D:2      | Reached skill level 5 in Unarmed Combat
  2967 | D:2      | Slain by an orc

Vanquished Creatures
  An orc priest (D:2)
  3 adders (D:2)
  5 worms
  3 giant geckos
  6 goblins
  12 hobgoblins
  9 kobolds
  3 bats
  2 giant newts
  8 rats
52 creatures vanquished.
